 Dungeon Crawl Stone Soup version 0.29.0-10-g45618ea6d2 (webtiles) character file.

Game seed: 495424498095904790

67469 oldmanjim the Impaler (level 14, -7/132 HPs)
             Began as a Minotaur Fighter on Sept 1, 2022.
             Was a Priest of Jiyva.
             Killed from afar by Jorgrun (38 damage)
             ... with an iron shot
             ... on level 13 of the Dungeon on Sept 2, 2022.
             The game lasted 01:47:53 (26104 turns).

oldmanjim the Impaler (Minotaur Fighter)           Turns: 26104, Time: 01:47:53

Health: -7/132     AC: 26    Str: 26    XL:     14   Next: 83%
Magic:  13/13      EV:  2    Int:  5    God:    Jiyva [***...]
Gold:   1738       SH: 12    Dex: 22    Spells: 13/13 levels left

rFire   + . .      SeeInvis .   a - +11 flail "Myteazu" {flame, rElec rPois}
rCold   + . .      Faith    .   c - +0 buckler
rNeg    . . .      Spirit   .   Z - +1 crystal plate armour {rC+}
rPois   +          Reflect  +   (helmet restricted)
rElec   +          Harm     .   i - +1 cloak
rCorr   +          Rampage  .   l - +0 pair of gloves
Will    +....                   (no boots)
Stlth   ..........              N - amulet of reflection
HPRegen 1.44/turn               C - ring of protection from fire
MPRegen 0.48/turn               q - +6 ring of dexterity

@: mighty, grasped by roots, constricted
A: horns 2, retaliatory headbutt, hooves 1, thin skeletal structure 3
a: Renounce Religion, Oozemancy


You were on level 13 of the Dungeon.
You worshipped Jiyva.
Jiyva was most pleased with you.
You visited 4 branches of the dungeon, and saw 25 of its levels.
You also visited: Sewer and Ice Cave.

You collected 1738 gold pieces.

Inventory:

Hand Weapons
 a - the +11 flail "Myteazu" (weapon) {flame, rElec rPois}
   (You found it on level 10 of the Dungeon)

   It burns those it strikes, dealing additional fire damage.
   rElec:     It insulates you from electricity.
   rPois:     It protects you from poison.
 I - the +8 hand axe of Destiny {flame, rElec}
   (You found it on level 6 of the Dungeon)

   It burns those it strikes, dealing additional fire damage.
   Big, fiery blades are also staple armaments of hydra-hunters.
   rElec:     It insulates you from electricity.
 R - a +2 broad axe of freezing
Missiles
 e - 149 stones
 m - 14 poisoned darts (quivered)
 p - a throwing net
 A - 8 curare-tipped darts
 T - 6 javelins
Armour
 c - a +0 buckler (worn)
 i - a +1 cloak (worn)
 l - a +0 pair of gloves (worn)
 M - a +2 ring mail of willpower
 Z - a +1 crystal plate armour of cold resistance (worn)
Jewellery
 h - a ring of wizardry
 j - a ring of protection from fire
 q - a +6 ring of dexterity (right hand)
 C - a ring of protection from fire (left hand)
 D - a +6 ring of intelligence
 E - a ring of positive energy
 N - an amulet of reflection (around neck)
 Y - the ring "Fulla" {Fire Fly rCorr Str-2 Dex+8}
   (You found it on level 12 of the Dungeon)

   [ring of fire]

   It enhances your fire magic.
   Str:       It affects your strength (-2).
   Dex:       It affects your dexterity (+8).
   rF:        It protects you from fire.
   rC:        It makes you vulnerable to cold.
   Fly:       It grants you flight.
   rCorr:     It protects you from acid and corrosion.
Wands
 u - a wand of charming (31)
 x - a wand of mindburst (8)
 F - a wand of polymorph (18)
 G - a wand of quicksilver (20)
 Q - a wand of flame (27)
 U - a wand of roots (18)
 W - a wand of digging (6)
Scrolls
 f - 3 scrolls of vulnerability
 k - 2 scrolls of amnesia
 n - 2 scrolls of enchant weapon
 v - 5 scrolls of poison
 y - 3 scrolls of immolation
 z - 2 scrolls of teleportation
 J - a scroll of summoning
 V - 3 scrolls of fog
Potions
 d - 2 potions of might
 g - 6 potions of curing
 r - 4 potions of heal wounds
 s - 2 potions of haste
 t - 5 potions of brilliance
 w - a potion of invisibility
 B - 7 potions of attraction
 H - 2 potions of flight
 K - a potion of mutation
 P - a potion of lignification {unknown}
 X - a potion of magic {unknown}
Miscellaneous
 L - a condenser vane


   Skills:
 - Level 14.0 Fighting
 - Level 14.2(18.0) Axes
 + Level 8.8(12.6) Maces & Flails
 - Level 16.1(18.2) Polearms
 + Level 11.4 Armour
 - Level 8.0 Shields
 + Level 9.2 Evocations


You had 13 spell levels left.
You didn't know any spells.
Your spell library contained the following spells:

 Spells                   Type           Power      Damage    Failure   Level
 Apportation              Tloc           0%         N/A       100%        1
 Necrotise                Necr           0%         1d4       100%        1
 Slow                     Hex            0%         N/A       100%        1
 Sting                    Tmut/Pois      0%         1d3       100%        1
 Summon Small Mammal      Summ           0%         N/A       100%        1
 Poisonous Vapours        Pois/Air       0%         N/A       100%        2
 Scorch                   Fire           0%         2d5       100%        2
 Confusing Touch          Hex            0%         N/A       100%        3
 Ignite Poison            Fire/Tmut/Pois 0%         N/A       100%        3
 Inner Flame              Hex/Fire       0%         N/A       100%        3
 Stone Arrow              Conj/Erth      0%         3d7       100%        3
 Vampiric Draining        Necr           0%         2d6       100%        3
 Animate Armour           Summ/Erth      0%         N/A       100%        4
 Animate Dead             Necr           0%         N/A       100%        4
 Cause Fear               Hex            0%         N/A       100%        4
 Corpse Rot               Necr/Pois/Air  0%         N/A       100%        4
 Flame Wave               Conj/Fire      0%         2d4       100%        4
 Fireball                 Conj/Fire      0%         3d3       100%        5
 Freezing Cloud           Conj/Ice/Air   0%         6-21      100%        5
 Iskenderun's Battlesphe  Conj           0%         2d6       100%        5
 Yara's Violent Unravell  Hex/Tmut       0%         3d3       100%        5
 Conjure Ball Lightning   Conj/Air       0%         3x3d6     100%        6
 Simulacrum               Ice/Necr       0%         N/A       100%        6
 Summon Cactus Giant      Summ           0%         N/A       100%        6
 Enfeeble                 Hex            0%         N/A       100%        7
 Haunt                    Necr/Summ      0%         N/A       100%        7
 Orb of Destruction       Conj           0%         9d5       100%        7
 Discord                  Hex            0%         N/A       100%        8
 Infestation              Necr           0%         N/A       100%        8
 Lehudib's Crystal Spear  Conj/Erth      0%         10d2      100%        8
 Polar Vortex             Ice            0%         N/A       100%        9


Dungeon Overview and Level Annotations

Branches:
Dungeon (13/15)            Temple (0/1) D:6            Lair (5/5) D:9
 Shoals (0/4) Lair:2       Spider (0/4) Lair:3        Slime (5/5) Lair:5
    Orc (2/2) D:9             Elf (0/3) Orc:2         Sewer (visited)
  IceCv (visited)
 Vaults: D:13-14

Altars:
Ashenzari
Cheibriados
Dithmenos
Elyvilon
Fedhas
Gozag
Kikubaaqudgha
Makhleb
Nemelex Xobeh
Qazlal
Sif Muna
Trog
Wu Jian
Xom
Yredelemnul
The Shining One
Jiyva

Shops:
Orc:2 :[(*

Portals:
Trove: D:11 (give +2 gold dragon scales)

Annotations:
D:13 Jorgrun
Lair:3 exclusion: oklob plant
Slime:3 Dissolution
Slime:5 Royal Jelly


Innate Abilities, Weirdness & Mutations

You have a pair of horns on your head.
You reflexively headbutt those who attack you in melee.
You have large cloven feet.
You have an unnaturally thin skeletal structure. (Dex +6, Stealth+++)


Message History

Jorgrun is severely wounded.
Jorgrun casts a spell at you.
You are slowing down.
You feel limber!
You feel magically purged.
You hear a distant slurping noise.
Jorgrun casts a spell at you.
You are slowing down.
You thump Jorgrun! You burn Jorgrun. You kick Jorgrun.
Your headbutt misses Jorgrun.
Jorgrun is severely wounded.
Jorgrun hits you with a +0 vorpal quarterstaff!
Your limbs are stiffening.
You feel better. Jorgrun casts a spell at you. The iron shot hits you!!!
Jorgrun points at you and mumbles some strange words.
Your limbs have turned to stone.
You have turned to stone.
Jorgrun barely misses you. Jorgrun hits you but does no damage.
Jorgrun says, "'tis place shall be yer tomb!"
Jorgrun gestures at you while chanting.
Roots burst forth from the earth!
The grasping roots grab you! The grasping roots constrict you.
Jorgrun hits you with a +0 vorpal quarterstaff.
The grasping roots constrict you. Jorgrun hits you but does no damage.
The grasping roots constrict you!
Jorgrun points at you and mumbles some strange words.
The iron shot hits you!!! The grasping roots constrict you!
* * * LOW HITPOINT WARNING * * *
Jorgrun hits you but does no damage. The grasping roots constrict you.
* * * LOW HITPOINT WARNING * * *
Jorgrun hits you but does no damage. The grasping roots constrict you!
* * * LOW HITPOINT WARNING * * *
You turn to flesh and can move again.
You feel very mighty all of a sudden. Jorgrun gestures at you while chanting.
The iron shot hits you!!!
You die...

.####..##........ #.4#
#..# ......... #..# #..#
........ #.K#
#..#......... #K.#
#..#.#.....#### #..#
#..#.##....#... ##..##
.............≈≈ #.....
........g...≈≈≈ #.....
#.@# ##).## #..# #..#
#..# #..# ######?.####
##..##
..........[.########.....
................)))))...>
..####(.#######.)########
#..# #..# #..# #..#


You could see Jorgrun.

Vanquished Creatures
  A stone giant (Orc:2)
  Snorg (Orc:1)
  3 ettins (Orc:2)
  10 boulder beetles
  6 hydras
  2 centaur warriors
  3 two-headed ogres
  A death knight (D:10)
  A catoblepas (Lair:4)
  Urug (D:11)
  Nergalle (Orc:1)
  A skeletal warrior (D:11)
  A bog body (IceCv)
  A lindwurm (Lair:1)
  A necromancer (IceCv)
  A deep elf pyromancer (D:13)
  An ugly thing (D:12)
  An orc sorcerer (Orc:2)
  2 orc knights
  A manticore (D:7)
  8 cyclopes (Orc:2)
  6 elephants
  Maurice (D:8)
  2 ice statues (IceCv)
  8 cane toads
  A black mamba (Lair:4)
  A torpor snail (Lair:1)
  4 unseen horrors
  2 kobold demonologists (D:13)
  2 efreet
  3 rime drakes
  6 ice devils (IceCv)
  6 komodo dragons
  8 trolls
  A polar bear (Lair:2)
  13 blink frogs
  5 dream sheep (Lair:3)
  A culicivora (Lair:3)
  8 wraiths
  38 yaks
  A ynoxinul (D:8)
  2 dire elephant simulacra (IceCv)
  2 vampires (D:10)
  6 wyverns
  7 basilisks
  A steam dragon (D:7)
  Grum (D:11)
  5 vampire mosquitoes
  4 harpy simulacra (IceCv)
  3 wargs (Orc:1)
  18 water moccasins
  4 hydra simulacra (IceCv)
  A sky beast (D:7)
  17 orc warriors
  3 black bears
  2 ice beasts
  10 ogres
  24 wolves
  15 centaurs
  A phantom (D:5)
  9 kobold brigands
  A necrophage (D:6)
  13 bullfrogs
  2 scorpions
  2 gnoll sergeants
  21 wights
  9 killer bees
  An elephant simulacrum (IceCv)
  3 electric eels
  5 howler monkeys
  4 hounds
  10 orc priests
  2 gnoll boudas
  2 iguanas
  23 orc wizards
  A troll simulacrum (IceCv)
  A wolf simulacrum (IceCv)
  11 adders
  13 gnolls
  A naga simulacrum (IceCv)
  3 river rats (Sewer)
  4 shadow imps
  8 white imps
  3 ufetubi
  7 worms
  2 dart slugs
  57 orcs
  10 ball pythons
  12 endoplasms
  2 giant cockroaches (D:4)
  9 hobgoblins
  6 jackals
  14 kobolds
  7 quokkas
  5 bats
  4 frilled lizards
  5 goblins
  10 rats
593 creatures vanquished.

Vanquished Creatures (collateral kills)
  A basilisk (D:9)
  A black bear (D:9)
  A hound (D:5)
  An orc (D:9)
4 creatures vanquished.

Vanquished Creatures (others)
  A shadow (D:12)
  A wolf (D:11)
  A centaur (D:11)
  A gnoll sergeant (D:12)
  42 jellies
  An orc priest (Orc:2)
  5 gnolls
  11 white imps (D:12)
  3 orcs (Orc:1)
  55 fungi
  112 plants
  13 withered plants (Lair:5)
246 creatures vanquished.

Grand Total: 843 creatures vanquished

Notes
Turn   | Place    | Note
-------+----------+-------------------------------------------
     0 | D:1      | oldmanjim the Minotaur Fighter began the quest for the Orb.
     0 | D:1      | Reached XP level 1. HP: 19/19 MP: 0/0
   266 | D:1      | Reached XP level 2. HP: 27/27 MP: 1/1
   689 | D:2      | Reached skill level 3 in Polearms
   746 | D:2      | Reached XP level 3. HP: 30/33 MP: 2/2
  1191 | D:3      | Found a snail-covered altar of Cheibriados.
  1220 | D:3      | Reached XP level 4. HP: 13/41 MP: 3/3
  1445 | D:3      | Reached skill level 5 in Fighting
  1445 | D:3      | Reached skill level 4 in Polearms
  1528 | D:3      | Reached XP level 5. HP: 42/48 MP: 4/4
  1665 | D:3      | Reached skill level 5 in Shields
  1803 | D:3      | Noticed a floating eye
  1811 | D:3      | Found a faded altar of an unknown god.
  1812 | D:3      | Noticed a shining eye
  1817 | D:3      | Noticed an eye of devastation
  1820 | D:3      | Noticed a floating eye
  2346 | D:4      | Reached XP level 6. HP: 46/56 MP: 5/5
  2492 | D:4      | Found a glowing golden altar of the Shining One.
  2494 | D:4      | Found a burning altar of Makhleb.
  2496 | D:4      | Found an ancient bone altar of Kikubaaqudgha.
  2501 | D:4      | Found an ornate altar of the Wu Jian Council.
  2505 | D:4      | Found a shimmering altar of Xom.
  2508 | D:4      | Found a basalt altar of Yredelemnul.
  2509 | D:4      | Found a white marble altar of Elyvilon.
  2511 | D:4      | Found a broken altar of Ashenzari.
  2515 | D:4      | Found an opulent altar of Gozag.
  2516 | D:4      | Found a stormy altar of Qazlal.
  2687 | D:4      | Reached skill level 5 in Polearms
  3293 | D:5      | Entered Level 5 of the Dungeon
  3633 | D:5      | Reached XP level 7. HP: 47/64 MP: 6/6
  3764 | D:5      | Found a shadowy altar of Dithmenos.
  4021 | D:5      | Reached skill level 6 in Polearms
  4090 | D:5      | Found a blossoming altar of Fedhas.
  4703 | D:6      | Reached XP level 8. HP: 68/73 MP: 7/7
  4746 | D:6      | Reached skill level 7 in Polearms
  4985 | D:6      | Found a staircase to the Ecumenical Temple.
  5193 | D:6      | Identified the +8 hand axe of Destiny {flame, rElec}
  5206 | D:6      | Reached skill level 1 in Axes
  5226 | D:6      | Found a glowing drain.
  5247 | Sewer    | Entered a sewer
  5685 | Sewer    | Reached skill level 5 in Armour
  6167 | D:6      | Found a sparkling altar of Nemelex Xobeh.
  6240 | D:6      | Reached skill level 5 in Axes
  6244 | D:6      | Reached XP level 9. HP: 79/81 MP: 8/8
  6498 | D:7      | Identified the +1 spear "Sudduax" {vorpal, *Rage Drain
                  | Str+8 Int+3}
  6648 | D:7      | Identified the +0 falchion of a wizard's laboratory
                  | {protect, rF+ MP+9 Int+4}
  6651 | D:7      | Noticed a manticore
  6990 | D:7      | Noticed a troll
  7003 | D:7      | Killed a troll
  7143 | D:7      | Killed a manticore
  7471 | D:7      | Noticed a komodo dragon
  7478 | D:7      | Killed a komodo dragon
  7626 | D:7      | Reached XP level 10. HP: 55/91 MP: 9/9
  8214 | D:7      | Reached skill level 10 in Axes
  8707 | D:8      | Reached skill level 10 in Fighting
  8910 | D:8      | Found a bloodstained altar of Trog.
  8925 | D:8      | Found a shimmering blue altar of Sif Muna.
  8929 | D:8      | Got Sif Muna's Compendium of Metamorphosis
  8952 | D:8      | Noticed Maurice
  8971 | D:8      | Killed Maurice
  8972 | D:8      | Reached skill level 1 in Evocations
  9586 | D:9      | Found a staircase to the Orcish Mines.
  9642 | D:9      | Noticed a boulder beetle
  9680 | D:9      | Killed a boulder beetle
 10014 | D:9      | Noticed an elephant
 10032 | D:9      | Killed an elephant
 10064 | D:9      | Reached XP level 11. HP: 65/102 MP: 10/10
 10206 | D:9      | Found a staircase to the Lair.
 10213 | Lair:1   | Entered Level 1 of the Lair of Beasts
 10805 | Lair:1   | Noticed a seven-headed hydra
 10838 | Lair:1   | Killed a two-headed hydra
 11038 | Lair:1   | Noticed a lindwurm
 11050 | Lair:1   | Killed a lindwurm
 11857 | Lair:2   | Reached skill level 5 in Evocations
 11890 | Lair:2   | Reached skill level 8 in Polearms
 12078 | Lair:2   | Found a staircase to the Shoals.
 12254 | Lair:2   | Noticed a boulder beetle
 12290 | Lair:2   | HP: 3/104 [boulder beetle (12)]
 12293 | Lair:2   | Killed a boulder beetle
 12294 | Lair:2   | Reached skill level 9 in Polearms
 12294 | Lair:2   | Reached XP level 12. HP: 4/112 MP: 11/11
 13294 | Lair:3   | Reached skill level 10 in Polearms
 13353 | Lair:3   | Reached skill level 11 in Polearms
 13798 | Lair:3   | Reached skill level 12 in Polearms
 14086 | Lair:3   | Found a hole to the Spider Nest.
 14881 | Lair:3   | Reached skill level 13 in Polearms
 15137 | Lair:3   | Found an ornate altar of the Wu Jian Council.
 15398 | Lair:4   | Noticed a four-headed hydra
 15485 | Lair:4   | Noticed a six-headed hydra
 15496 | Lair:4   | Killed a three-headed hydra
 15651 | Lair:4   | Reached skill level 14 in Polearms
 15803 | Lair:4   | Killed a two-headed hydra
 16229 | Lair:4   | Noticed a catoblepas
 16239 | Lair:4   | Killed a catoblepas
 16240 | Lair:4   | Reached skill level 15 in Polearms
 16309 | Lair:4   | Reached XP level 13. HP: 118/118 MP: 12/12
 17211 | Lair:5   | Entered Level 5 of the Lair of Beasts
 17211 | Lair:5   | Found a viscous altar of Jiyva.
 17211 | Lair:5   | Found a staircase to the Slime Pits.
 17397 | Lair:5   | Reached skill level 16 in Polearms
 17551 | Lair:5   | Became a worshipper of Jiyva Jiacw the Shapeless
 17554 | Slime:1  | Entered Level 1 of the Pits of Slime
 17565 | Slime:2  | Noticed a rockslime
 17567 | Slime:2  | Noticed an acid blob
 17568 | Slime:2  | Noticed an acid blob
 17578 | Slime:2  | Noticed a quicksilver ooze
 17579 | Slime:2  | Noticed a rockslime
 17581 | Slime:2  | Noticed a rockslime
 17581 | Slime:2  | Noticed an acid blob
 17581 | Slime:2  | Noticed a rockslime
 17583 | Slime:2  | Noticed an azure jelly
 17584 | Slime:3  | Noticed Dissolution
 17584 | Slime:3  | Noticed an acid blob
 17596 | Slime:4  | Noticed a quicksilver ooze
 17596 | Slime:4  | Noticed an acid blob
 17597 | Slime:4  | Noticed an acid blob
 17602 | Slime:5  | Entered Level 5 of the Pits of Slime
 17604 | Slime:5  | Noticed a quicksilver ooze
 17610 | Slime:5  | Noticed an acid blob
 17618 | Slime:5  | Noticed an azure jelly
 17619 | Slime:5  | Noticed a quicksilver ooze
 17620 | Slime:5  | Found a viscous altar of Jiyva.
 17637 | Slime:5  | Noticed an acid blob
 17637 | Slime:5  | Noticed an azure jelly
 17649 | Slime:5  | Noticed an acid blob
 17715 | Slime:5  | Noticed the Royal Jelly
 17733 | Slime:5  | Noticed an acid blob
 17733 | Slime:5  | Noticed an acid blob
 17734 | Slime:5  | Noticed an acid blob
 17734 | Slime:5  | Noticed an acid blob
 17760 | Slime:5  | Noticed an acid blob
 17786 | Slime:5  | Noticed an azure jelly
 17953 | Slime:4  | Noticed a rockslime
 17964 | Slime:4  | Noticed an acid blob
 18134 | Slime:3  | Noticed an azure jelly
 18134 | Slime:3  | Noticed an azure jelly
 18134 | Slime:3  | Noticed a quicksilver ooze
 18151 | Slime:3  | Noticed a quicksilver ooze
 18394 | Slime:2  | Noticed an azure jelly
 18490 | Slime:2  | Noticed a rockslime
 18565 | Slime:1  | Noticed an azure jelly
 18571 | Slime:1  | Noticed an acid blob
 18579 | Slime:1  | Noticed a rockslime
 18602 | Slime:1  | Noticed an acid blob
 18604 | Slime:1  | Noticed a rockslime
 18702 | Slime:1  | Noticed a quicksilver ooze
 19952 | Lair:1   | Reached * piety under Jiyva
 20626 | D:10     | Entered Level 10 of the Dungeon
 20760 | D:10     | Reached ** piety under Jiyva
 21340 | D:10     | Identified the +11 flail "Myteazu" {flame, rElec rPois}
 21497 | D:10     | Reached skill level 1 in Maces & Flails
 21742 | D:10     | Identified the +9 rapier of Moclicvo {flame, rN+}
 22071 | D:11     | Noticed Grum
 22076 | D:11     | Killed Grum
 22242 | D:11     | Noticed Urug
 22250 | D:11     | Killed Urug
 22374 | D:11     | Reached skill level 10 in Armour
 22593 | D:11     | Reached *** piety under Jiyva
 22653 | D:11     | Found a portal to a secret trove of treasure.
 22708 | D:11     | Gained mutation: You have a somewhat thin skeletal
                  | structure. (Dex +2, Stealth+) [Jiyva's grace]
 22708 | D:11     | Gained mutation: You have a moderately thin skeletal
                  | structure. (Dex +4, Stealth++) [Jiyva's grace]
 22708 | D:11     | Gained mutation: You have an unnaturally thin skeletal
                  | structure. (Dex +6, Stealth+++) [Jiyva's grace]
 22708 | D:11     | Gained mutation: You have large cloven feet. [Jiyva's
                  | grace]
 22870 | D:11     | Reached XP level 14. HP: 56/129 MP: 10/13
 23132 | D:12     | Reached skill level 5 in Maces & Flails
 23144 | D:12     | Identified the ring "Fulla" {Fire Fly rCorr Str-2 Dex+8}
 23412 | D:12     | Found a frozen archway.
 23418 | IceCv    | Entered an ice cave
 23885 | IceCv    | Found the +4 skin of Zhor {*Englaciate rC+++ SInv}
 24222 | Orc:1    | Entered Level 1 of the Orcish Mines
 24502 | Orc:1    | Noticed Snorg
 24515 | Orc:1    | Killed Snorg
 24690 | Orc:1    | Noticed Nergalle
 24707 | Orc:1    | Killed Nergalle
 24843 | Orc:2    | Entered Level 2 of the Orcish Mines
 24894 | Orc:2    | Found Quekkek's Antique Weapon Boutique.
 24894 | Orc:2    | Noticed a stone giant
 24897 | Orc:2    | Found a staircase to the Elven Halls.
 24910 | Orc:2    | Killed a stone giant
 25022 | Orc:2    | Found Hotay's General Store.
 25234 | Orc:2    | Found Mydil's Antique Armour Emporium.
 25386 | Orc:2    | Found a bloodstained altar of Trog.
 25444 | Orc:2    | Found Nowubyh's Book Shoppe.
 25846 | D:13     | Noticed Jorgrun
 26104 | D:13     | Killed from afar by Jorgrun

Illustrated notes

Levels and vault maps discovered:
D:1:      amcnicky_arrival_gap_in_the_tavern_cellar, layout_basic,
          minmay_misc_feat_tiny
D:2:      layout_rooms, grunt_ministairs_8
D:3:      layout_rooms, cheibriados_altar_1,
          hellmonk_ecumenical_altar_watching_god, minmay_between
D:4:      layout_basic, nicolae_overflow_hallway_of_the_gods,
          minmay_fractal_squares_gapless_5
D:5:      layout_gridville, fedhas_ov_isle_minmay, overflow_temple_1_default
D:6:      layout_rooms, nemelex_spade_bored_becter,
          minmay_temple_entry_gardened_gates, portal_sewer_entry_d
D:7:      layout_gridville, minmay_the_grid_2x2 [minmay_the_grid_tiny_cups,
          minmay_the_grid_minigrid_large, minmay_the_grid_spikes,
          minmay_the_grid_prize_four_corners_diamond_a]
D:8:      layout_basic, nzn_overflow_gifts_of_might_and_magic, uniq_maurice
D:9:      layout_rooms, david_lair_generic, orc_0_dummy, kennysheep_donut
D:10:     nzn_winding_woodlands_medium [nzn_winding_woodlands_5x5_default,
          nzn_winding_woodlands_5x15_pathside_ponds,
          nzn_winding_woodlands_5x5_cross, nzn_winding_woodlands_5x5_open_star,
          nzn_winding_woodlands_center_lodge, nzn_winding_woodlands_hourglass,
          nzn_winding_woodlands_5x5_three, nzn_winding_woodlands_5x15_zeroes,
          nzn_winding_woodlands_5x5_closed_star], layout_irregular_city
D:11:     layout_basic, nicolae_trove_entry_diagonal, kb_rosetta, uniq_urug,
          uniq_grum
D:12:     layout_loops_ring, portal_ice_cave_entry_imps
D:13:     kennysheep_seaside_town, layout_small_grid, serial_shops,
          nicolae_lakefront_shop, uniq_jorgrun
Lair:1:   layout_small_grid, nicolae_volcano_entry_vermiform,
          serial_bayou_lagoon_b
Lair:2:   layout_long_grid, shoals_dummy_entry
Lair:3:   layout_regular_city, spider_nest_entry_rubble, basic_altar,
          st_stairs_6, beast_lair_carwin_4, infiniplex_staircase_pool
Lair:4:   layout_cave_pods, serial_bayou_lagoon_a
Lair:5:   due_jungle_book, layout_layer_cave, slime_entry_1,
          nicolae_quartered_pool_super, st_stairs_11, lemuel_fruit_tree
Slime:1:  layout_caves
Slime:2:  cheibrodos_slime_lost_civilization_3, layout_caves, special_room
          [special_room_jelly]
Slime:3:  layout_caves, dissolution_awaits
Slime:4:  layout_caves
Slime:5:  uniq_dissolution
Orc:1:    layout_caves, uniq_nergalle, uniq_snorg
Orc:2:    grunt_orc_gardens, layout_caves, grunt_orc_garden, grunt_orc_garden,
          grunt_orc_garden, grunt_orc_garden, basic_altar

Skill      XL: |  1  2  3  4  5  6  7  8  9 10 11 12 13 14 |
---------------+-------------------------------------------+-----
Fighting       | 4 5 6 7 8 9 11 12 13 14 | 14.0
Shields        | 4 5 6 7 8 |  8.0
Polearms       | 3 4 5 6 7 9 15 16 | 16.1
Armour         | 5 6 7 8 10 11 | 11.4
Axes           | 5 9 12 14 | 14.2
Evocations     | 3 5 7 9 |  9.2
Maces & Flails | 4 8 |  8.8

Action                   |  1- 3 |  4- 6 |  7- 9 | 10-12 | 13-15 || total
-------------------------+-------+-------+-------+-------+-------++-------
Melee: Trident           |   102 |   156 |    84 |       |       ||   342
       Headbutt          |     8 |    23 |    39 |   125 |   199 ||   394
       Hand axe          |       |       |   174 |   557 |   383 ||  1114
       Flail             |       |       |       |       |   407 ||   407
       Kick              |       |       |       |       |   152 ||   152
Throw: Stone             |       |     4 |       |       |    20 ||    24
       Dart              |       |       |    14 |    19 |    46 ||    79
       Throwing net      |       |       |     1 |       |       ||     1
       Boomerang         |       |       |       |     7 |     1 ||     8
Invok: Oozemancy         |       |       |       |       |     3 ||     3
Evoke: Wand              |       |       |       |     3 |     2 ||     5
  Use: Scroll            |       |    12 |     3 |     5 |     6 ||    26
       Potion            |       |       |       |     1 |     6 ||     7
 Stab: Held in net/web   |       |       |     3 |       |       ||     3
       Distracted        |       |       |     1 |       |       ||     1
       Sleeping          |       |       |       |       |     4 ||     4
Armor: Scale mail        |    45 |    35 |    70 |       |       ||   150
       Ring mail         |       |       |       |   175 |   202 ||   377
       Crystal plate arm |       |       |       |       |   137 ||   137
Dodge: Dodged            |    34 |    49 |    72 |   151 |   215 ||   521
Block: Buckler           |    16 |    36 |    56 |   105 |   266 ||   479
       Reflection        |       |       |       |       |    10 ||    10
